 Dungeon Crawl Stone Soup version 0.19.0-20-gbc5f0c6 (webtiles) character file.

322 Monsterracer the Chopper (level 6, -3/53 HPs)
             Began as a Hill Orc Fighter on Nov 17, 2016.
             Slain by Philosophy's ghost (10 damage)
             ... on level 3 of the Dungeon.
             The game lasted 00:08:41 (2652 turns).

Monsterracer the Chopper (Hill Orc Fighter)         Turns: 2652, Time: 00:08:41

Health: -3/53      AC: 11    Str: 22 (24) XL:     6   Next: 47%
Magic:  6/6        EV:  5    Int:  8      God:
Gold:   153        SH:  9    Dex: 11 (12) Spells: 0 memorised, 5 levels left

rFire  . . .     SeeInvis .     a - +0 war axe
rCold  . . .     Gourm    .     n - +0 chain mail
rNeg   . . .     Faith    +     c - +0 shield
rPois  .         Spirit   .     (no helmet)
rElec  .         Reflect  .     k - +0 cloak
rCorr  .         Harm     .     m - +0 pair of gloves
MR     .....                    (no boots)
Stlth  ..........               g - amulet of faith
                                (no ring)
                                (no ring)

@: mighty
A: no striking features
a: no special abilities


You were on level 3 of the Dungeon.
You were not hungry.

You visited 1 branch of the dungeon, and saw 3 of its levels.

You collected 153 gold pieces.

Inventory:

Hand Weapons
 a - a +0 war axe (weapon)
Armour
 c - a +0 shield (worn)
 k - a +0 cloak (worn)
 m - a +0 pair of gloves (worn)
 n - a +0 chain mail (worn)
Jewellery
 g - an amulet of faith (around neck)
 i - an uncursed ring of ice
Scrolls
 b - 3 scrolls of remove curse {unknown}
 e - 4 scrolls of identify {unknown}
 j - a scroll of magic mapping {unknown}
 o - a scroll of noise {unknown}
Potions
 d - 2 potions of might
Comestibles
 f - 2 bread rations
 h - a meat ration
 l - 7 chunks of flesh


   Skills:
 + Level 4.4 Fighting
 * Level 7.7 Axes
 + Level 4.0 Armour
 - Level 3.3 Shields


You had 5 spell levels left.
You didn't know any spells.

Dungeon Overview and Level Annotations

Branches:
Dungeon (3/15)

Altars:
Yredelemnul

Annotations:
D:3 Philosophy's ghost, amateur HOFi


Message History

You kill the goblin!
You block Philosophy's ghost's attack.
You hit Philosophy's ghost.
Philosophy's ghost is lightly damaged.
You block Philosophy's ghost's attack.
You hit Philosophy's ghost.
Philosophy's ghost is lightly damaged.
Philosophy's ghost hits you!
You slash Philosophy's ghost!
Philosophy's ghost is moderately damaged.
You block Philosophy's ghost's attack.
You hit Philosophy's ghost but do no damage.
Philosophy's ghost is moderately damaged.
Philosophy's ghost hits you!
Your shield and chain mail prevent you from hitting Philosophy's ghost.
Philosophy's ghost is moderately damaged.
Philosophy's ghost hits you!
* * * LOW HITPOINT WARNING * * *
Philosophy's ghost hits you!
You die...

#..........####
#
#.............#
..
#..........##.#
#..
#..........# .#
#..
#..........# #
#..........#
#..........##
#...........#
#......@)...#
#......W......#
##.............
##(....#......
##..#......$.
#.#......... #.
.)#....... #.
.## ......# ##
.....#####.


You could see Philosophy's ghost.

Vanquished Creatures
  An orc priest (D:3)
  Crazy Yiuf (D:2)
  2 orc wizards (D:3)
  An iguana (D:3)
  Ijyb (D:2)
  Terence (D:2)
  5 adders (D:2)
  An ooze (D:1)
  An adder skeleton (D:2)
  3 worms (D:2)
  10 orcs (D:3)
  A ball python (D:2)
  4 giant cockroaches
  6 goblins
  5 hobgoblins
  6 jackals (D:1)
  2 kobolds (D:2)
  9 bats
  10 frilled lizards
  A giant cockroach zombie (D:2)
  6 rats
77 creatures vanquished.

Notes
Turn   | Place    | Note
-------+----------+-------------------------------------------
     0 | D:1      | Monsterracer the Hill Orc Fighter began the quest for the Orb.
     0 | D:1      | Reached XP level 1. HP: 19/19 MP: 1/1
    39 | D:1      | Reached skill level 3 in Axes
    41 | D:1      | Reached XP level 2. HP: 26/26 MP: 2/2
   110 | D:1      | Reached skill level 4 in Axes
   512 | D:1      | Reached XP level 3. HP: 30/31 MP: 3/3
   911 | D:2      | Reached skill level 5 in Axes
  1158 | D:2      | Reached XP level 4. HP: 32/39 MP: 4/4
  1596 | D:2      | Found a runed door.
  1600 | D:2      | Noticed Crazy Yiuf
  1603 | D:2      | Killed Crazy Yiuf
  1603 | D:2      | Reached skill level 6 in Axes
  1775 | D:2      | Reached XP level 5. HP: 41/45 MP: 5/5
  1791 | D:2      | Found a basalt altar of Yredelemnul.
  1831 | D:2      | Noticed Ijyb
  1842 | D:2      | Killed Ijyb
  2075 | D:2      | Noticed Terence
  2086 | D:2      | Killed Terence
  2086 | D:2      | Reached skill level 7 in Axes
  2468 | D:3      | Reached XP level 6. HP: 52/52 MP: 6/6
  2643 | D:3      | Noticed Philosophy's ghost (amateur HOFi)
  2652 | D:3      | Slain by Philosophy's ghost

Skill      XL: |  1  2  3  4  5  6 |
---------------+-------------------+-----
Axes           | 3 4 5 6 7 |  7.7
Fighting       | 4 |  4.4
Armour         | 4 |  4.0
Shields        | |  3.3

Action                   |  1- 3 |  4- 6 || total
-------------------------+-------+-------++-------
Melee: War axe           |    96 |   181 ||   277
  Use: Potion            |       |     3 ||     3
  Eat: Chunk             |     1 |     5 ||     6
Armor: Scale mail        |    36 |    24 ||    60
       Chain mail        |       |    82 ||    82
Dodge: Dodged            |    36 |    44 ||    80
Block: Shield            |    56 |    77 ||   133
